[Event "Bremer Silvester Open 2019"]
[Site "Bremen"]
[Date "2019.12.28"]
[Round "3.6"]
[White "Riewe, Gerhard"]
[Black "Berresheim, Helmut"]
[Result "1/2-1/2"]
[ECO "B25"]
[WhiteElo "2101"]
[BlackElo "2086"]
[Annotator "RC"]
[PlyCount "54"]
[EventDate "2019.12.27"]
[EventType "swiss"]
[EventCountry "GER"]
[SourceTitle "playchess.com"]
[Source "ChessBase"]
[SourceQuality "1"]
[TimeControl "40/5400+30:1800+30"]

1. e4 c5 2. Nc3 d6 3. g3 Nc6 4. Bg2 g6 5. f4 Bg7 6. Nf3 e6 7. O-O Nge7 8. d3 O-O 9. Be3 b6 10. Qd2 d5 11. exd5 exd5 12. Bf2 d4 13. Nb5 a6 14. Na3 Be6 15. Nc4 Bd5 16. Rae1 Rc8 17. b3 b5 18. Nce5 Nxe5 19. Nxe5 Bxg2 20. Kxg2 Nc6 21. Nxc6 Qd5+ 22. Kg1 Qxc6 23. Re2 Rfe8 24. Rfe1 Kf8 25. Rxe8+ Rxe8 26. Rxe8+ Kxe8 27. Qd1 Bf8 1/2-1/2

[Event "Bremer Silvester Open 2019"]
[Site "Bremen"]
[Date "2019.12.28"]
[Round "4.1"]
[White "Hoerstmann, Martin"]
[Black "Grishchenko, Sergey"]
[Result "0-1"]
[ECO "D33"]
[WhiteElo "2208"]
[BlackElo "2404"]
[Annotator "ChessBase"]
[PlyCount "86"]
[EventDate "2019.12.27"]
[EventType "swiss"]
[EventCountry "GER"]
[SourceTitle "playchess.com"]
[Source "ChessBase"]
[SourceQuality "1"]
[TimeControl "40/5400+30:1800+30"]

1. d4 d5 2. c4 e6 3. Nc3 c5 4. cxd5 exd5 5. Nf3 Nc6 6. g3 c4 7. Bg2 Bb4 8. O-O Nge7 9. e4 dxe4 10. Nxe4 O-O 11. Qc2 Bf5 12. Nh4 Nxd4 13. Qxc4 Bxe4 14. Bxe4 Nec6 15. Be3 Qf6 16. Rfd1 Rad8 17. Bd5 Qe5 18. Bg2 Bc5 19. Re1 Bb6 20. Rac1 Qf6 21. f4 h6 22. Kh1 Rd6 23. Be4 Rfd8 24. b4 Re6 25. Bf2 Rde8 26. Bd5 Rxe1+ 27. Rxe1 Rxe1+ 28. Bxe1 g5 29. Ng2 Qe7 30. Bd2 g4 31. Qd3 Qd6 32. Qe4 Ne7 33. Bxb7 Nf3 34. Be1 f5 35. Qc4+ Kf8 36. Qc3 Qd1 37. h3 Qe2 38. Qf6+ Kg8 39. Bd5+ Nxd5 40. Qg6+ Kf8 41. Qxh6+ Ke8 42. Qc6+ Ke7 43. Qb7+ Nc7 0-1

[Event "Bremer Silvester Open 2019"]
[Site "Bremen"]
[Date "2019.12.28"]
[Round "4.2"]
[White "Brinkmann, Fabian"]
[Black "Reuker, Jari"]
[Result "1/2-1/2"]
[ECO "C67"]
[WhiteElo "2148"]
[BlackElo "2383"]
[Annotator "NA"]
[PlyCount "61"]
[EventDate "2019.12.27"]
[EventType "swiss"]
[EventCountry "GER"]
[SourceTitle "playchess.com"]
[Source "ChessBase"]
[SourceQuality "1"]
[TimeControl "40/5400+30:1800+30"]

1. e4 e5 2. Nf3 Nc6 3. Bb5 Nf6 4. O-O Nxe4 5. Re1 Nd6 6. Nxe5 Be7 7. Bf1 Nxe5 8. Rxe5 O-O 9. d4 Bf6 10. Re2 b6 11. Re1 Bb7 12. Bf4 Ne4 13. Nd2 d5 14. c3 Qd7 15. Qf3 c5 16. dxc5 Nxc5 17. Qg3 Rfe8 18. Nb3 Nxb3 19. axb3 d4 20. Be5 Bxe5 21. Rxe5 Rxe5 22. Qxe5 d3 23. Rd1 d2 24. Bb5 Qg4 25. f3 Bxf3 26. Rxd2 Be4 27. Qe7 h6 28. Bc4 Qf4 29. Bxf7+ Qxf7 30. Qxe4 Re8 31. Qf3 1/2-1/2

[Event "Bremer Silvester Open 2019"]
[Site "Bremen"]
[Date "2019.12.28"]
[Round "4.3"]
[White "Berresheim, Helmut"]
[Black "Wachinger, Nikolas"]
[Result "0-1"]
[ECO "E97"]
[WhiteElo "2086"]
[BlackElo "2234"]
[Annotator "ChessBase"]
[PlyCount "80"]
[EventDate "2019.12.27"]
[EventType "swiss"]
[EventCountry "GER"]
[SourceTitle "playchess.com"]
[Source "ChessBase"]
[SourceQuality "1"]
[TimeControl "40/5400+30:1800+30"]

1. d4 Nf6 2. c4 g6 3. Nc3 Bg7 4. e4 d6 5. Nf3 O-O 6. Be2 e5 7. O-O Nc6 8. d5 Ne7 9. Nd2 a5 10. a3 Nd7 11. Rb1 f5 12. b4 Kh8 13. f3 f4 14. Nb5 b6 15. Qc2 a4 16. Nc3 g5 17. Nxa4 Nf6 18. c5 h5 19. cxd6 cxd6 20. Nc3 g4 21. Nb5 Ne8 22. fxg4 hxg4 23. g3 Ng6 24. Nc4 Bd7 25. a4 Bh6 26. Bd3 Kg7 27. Qf2 fxg3 28. Bxh6+ Kxh6 29. Qxg3 Rxf1+ 30. Bxf1 Rxa4 31. Nbxd6 Nxd6 32. Nxd6 Qf8 33. Nc4 Rxb4 34. Qe3+ Kh5 35. Rxb4 Qxb4 36. Nxb6 Bb5 37. Bxb5 Qxb5 38. d6 Qb1+ 39. Kf2 Qb2+ 40. Kg3 Nf4 0-1

[Event "Bremer Silvester Open 2019"]
[Site "Bremen"]
[Date "2019.12.28"]
[Round "4.4"]
[White "Celik, Abdullah"]
[Black "Riewe, Gerhard"]
[Result "1/2-1/2"]
[ECO "A92"]
[WhiteElo "2048"]
[BlackElo "2101"]
[Annotator "NA"]
[PlyCount "178"]
[EventDate "2019.12.27"]
[EventType "swiss"]
[EventCountry "GER"]
[SourceTitle "playchess.com"]
[Source "ChessBase"]
[SourceQuality "1"]
[TimeControl "40/5400+30:1800+30"]

1. d4 d5 2. c4 e6 3. Nf3 Nf6 4. g3 c6 5. Bg2 Be7 6. O-O O-O 7. Qc2 Ne4 8. Nbd2 f5 9. Ne5 Nxd2 10. Bxd2 Nd7 11. Nd3 Bf6 12. e3 g6 13. a4 Bg7 14. a5 a6 15. Bb4 Re8 16. Rfd1 Nf6 17. Ne5 Ne4 18. f3 Ng5 19. h4 Nf7 20. Nxf7 Kxf7 21. f4 Bf6 22. Kf2 Rg8 23. Rh1 Bd7 24. Bc5 Rg7 25. b4 h6 26. Bf3 Kg8 27. Qe2 Be8 28. Qf1 Be7 29. Bxe7 Qxe7 30. c5 Bd7 31. Rd1 Rf8 32. Qh3 Kf7 33. g4 fxg4 34. Bxg4 h5 35. Be2 e5 36. Qg3 exf4 37. exf4 Kg8 38. Rhf1 Qe4 39. Bf3 Rxf4 40. Kg2 Rxf3 41. Qxf3 Qxf3+ 42. Rxf3 Bg4 43. Re1 Bxf3+ 44. Kxf3 Rf7+ 45. Kg3 Kf8 46. Re6 Kg7 47. Rd6 Re7 48. b5 axb5 49. a6 bxa6 50. Rxc6 Re4 51. Rxa6 Rxd4 52. Rb6 b4 53. c6 Rc4 54. Rb7+ Kf6 55. c7 Kf5 56. Kf3 b3 57. Ke3 b2 58. Rxb2 Rxc7 59. Rf2+ Ke5 60. Rg2 Rc3+ 61. Kd2 Rh3 62. Rxg6 Rxh4 63. Rg5+ Kd4 64. Kd1 Kc4 65. Kd2 Rh2+ 66. Kd1 d4 67. Rg3 h4 68. Rf3 h3 69. Ke1 d3 70. Rf8 Re2+ 71. Kf1 h2 72. Rc8+ Kd4 73. Rd8+ Ke4 74. Rd4+ Kf5 75. Rf4+ Ke5 76. Rf5+ Ke6 77. Rf6+ Ke7 78. Rf7+ Ke8 79. Rf8+ Kd7 80. Rd8+ Kc7 81. Rd7+ Kb6 82. Rd6+ Kc5 83. Rd5+ Kc4 84. Rd4+ Kc3 85. Rxd3+ Kc2 86. Rh3 Rd2 87. Rh8 Rd8 88. Rxh2+ Rd2 89. Rxd2+ Kxd2 1/2-1/2

[Event "Bremer Silvester Open 2019"]
[Site "Bremen"]
[Date "2019.12.28"]
[Round "4.5"]
[White "Meyer, Thorsten"]
[Black "Villwock, Martin"]
[Result "1/2-1/2"]
[ECO "B33"]
[WhiteElo "2295"]
[BlackElo "2108"]
[Annotator "NA"]
[PlyCount "93"]
[EventDate "2019.12.27"]
[EventType "swiss"]
[EventCountry "GER"]
[SourceTitle "playchess.com"]
[Source "ChessBase"]
[SourceQuality "1"]
[TimeControl "40/5400+30:1800+30"]

1. e4 c5 2. Nf3 Nc6 3. d4 cxd4 4. Nxd4 Nf6 5. Nc3 e5 6. Ndb5 d6 7. Bg5 a6 8. Na3 b5 9. Bxf6 gxf6 10. Nd5 f5 11. Bd3 Be6 12. c3 Bg7 13. O-O Bxd5 14. exd5 Ne7 15. Nc2 O-O 16. a4 e4 17. Be2 Qb6 18. axb5 axb5 19. Qd2 Ng6 20. Rfe1 f4 21. Bf1 Rxa1 22. Rxa1 Re8 23. Qe2 e3 24. Nb4 f3 25. Qxf3 Bh6 26. fxe3 Rxe3 27. Qf2 Qd8 28. Kh1 Qe8 29. Nc2 Re5 30. Re1 Nf4 31. Rxe5 Qxe5 32. Bxb5 Qxd5 33. Nd4 Ne6 34. Nxe6 Qd1+ 35. Qg1 Qxg1+ 36. Kxg1 fxe6 37. Kf2 Bc1 38. b3 Bd2 39. c4 Kf7 40. Kf3 Kf6 41. Ke4 Bb4 42. Be8 h6 43. Bh5 Kg5 44. Bf3 Kf6 45. Bg4 Ke7 46. Be2 Kf6 47. Bf3 {[%emt 0:04:26] Ke5+} 1/2-1/2

[Event "Bremer Silvester Open 2019"]
[Site "Bremen"]
[Date "2019.12.28"]
[Round "4.6"]
[White "Wachinger, David"]
[Black "Ditmas, Hugh"]
[Result "1-0"]
[ECO "E24"]
[WhiteElo "2105"]
[BlackElo "1982"]
[Annotator "NA"]
[PlyCount "59"]
[EventDate "2019.12.27"]
[EventType "swiss"]
[EventCountry "GER"]
[SourceTitle "playchess.com"]
[Source "ChessBase"]
[SourceQuality "1"]
[TimeControl "40/5400+30:1800+30"]

1. d4 Nf6 2. c4 e6 3. Nc3 Bb4 4. f3 d5 5. a3 Bxc3+ 6. bxc3 O-O 7. e3 c5 8. cxd5 Nxd5 9. Bd2 f5 10. c4 Nf6 11. Bc3 Qc7 12. Nh3 Rd8 13. Qb3 Nc6 14. Rd1 cxd4 15. exd4 b6 16. Be2 Bb7 17. O-O Rac8 18. Rfe1 Re8 19. Bf1 Nd8 20. Ba1 Ba6 21. Rc1 Nc6 22. Bc3 Nd7 23. Ng5 Qf4 24. Nxe6 Rxe6 25. c5 Nxd4 26. Bxd4 Qxd4+ 27. Kh1 Bxf1 28. Qxe6+ Kf8 29. Rxf1 Rxc5 30. Rcd1 1-0

[Event "Bremer Silvester Open 2019"]
[Site "Bremen"]
[Date "2019.12.29"]
[Round "5.1"]
[White "Reuker, Jari"]
[Black "Grishchenko, Sergey"]
[Result "1/2-1/2"]
[ECO "B16"]
[WhiteElo "2383"]
[BlackElo "2404"]
[Annotator "NA"]
[PlyCount "76"]
[EventDate "2019.12.27"]
[EventType "swiss"]
[EventCountry "GER"]
[SourceTitle "playchess.com"]
[Source "ChessBase"]
[SourceQuality "1"]
[TimeControl "40/5400+30:1800+30"]

1. e4 c6 2. d4 d5 3. Nd2 dxe4 4. Nxe4 Nf6 5. Nxf6+ gxf6 6. Nf3 Bf5 7. Bd3 Nd7 8. O-O Bg6 {[%emt 0:01:28] B16: Caro-Kann: Bronstein-Larsen Variation} 9. c3 (9. Bf4 Bg7 10. Re1 O-O 11. Qe2 Re8 12. Bg3 e5 13. dxe5 Nxe5 14. Nxe5 fxe5 15. Bxg6 hxg6 16. Rad1 {0-1 (33) Zajic,M (2503)-Sedlak,N (2608) Valjevo 2018}) 9... Qc7 10. Re1 e6 11. g3 Bxd3 $146 ({Predecessor:} 11... O-O-O 12. Bf1 Rg8 13. Qa4 Kb8 14. Nh4 Be7 15. Nxg6 Rxg6 {1-0 (27) Ammon,T (2132)-Eiber,M (2147) Bayern 2017}) 12. Qxd3 O-O-O 13. b4 h5 14. Rb1 Be7 15. Qe2 Rdg8 16. Kh1 f5 17. c4 h4 18. Bf4 Bd6 19. Bxd6 $11 Qxd6 20. gxh4 Nf6 21. Rg1 Rg4 22. Rg3 Re4 23. Qd2 Nh5 24. Rgg1 Nf4 25. Rbe1 Ng6 26. Qg5 Nxh4 27. Qg7 Qf8 28. Qxf8+ Rxf8 29. Rxe4 Nxf3 30. Rf4 Nxg1 31. Kxg1 Rh8 32. Kg2 Kd7 33. Rf3 Rh4 34. Rd3 Kd6 35. f3 a6 36. Kg3 Rh8 37. a4 Rg8+ 38. Kf2 Rh8 1/2-1/2

[Event "Bremer Silvester Open 2019"]
[Site "Bremen"]
[Date "2019.12.29"]
[Round "5.2"]
[White "Wachinger, Nikolas"]
[Black "Brinkmann, Fabian"]
[Result "1-0"]
[ECO "A30"]
[WhiteElo "2234"]
[BlackElo "2148"]
[Annotator "NA"]
[PlyCount "61"]
[EventDate "2019.12.27"]
[EventType "swiss"]
[EventCountry "GER"]
[SourceTitle "playchess.com"]
[Source "ChessBase"]
[SourceQuality "1"]
[TimeControl "40/5400+30:1800+30"]

1. b3 Nf6 2. Bb2 g6 3. Nf3 Bg7 4. e3 O-O 5. c4 c5 6. Be2 Nc6 7. O-O b6 8. d4 cxd4 9. Nxd4 Nxd4 {[%emt 0:00:25] A30: Symmetrical English: Double Fianchetto and Hedgehog} 10. Qxd4 (10. Bxd4 Bb7 11. Bf3 Bxf3 12. Qxf3 d5 13. cxd5 Qxd5 14. Nc3 Qxf3 15. gxf3 Rfd8 16. Rfd1 Ne8 17. Bxg7 Kxg7 {½-½ (30) Wen,Y (2613)-Wei,Y (2727) Xinghua 2017}) 10... Bb7 11. Rd1 Rc8 $146 ({Predecessor:} 11... Qc8 12. Nc3 d6 13. Nd5 Bxd5 14. cxd5 Ne8 15. Qd2 Bxb2 16. Qxb2 Nf6 17. Rac1 {½-½ (34) Gonzalez Garcia,J (2508)-Garriga Cazorla,P (2374) Sabadell 2016}) 12. a4 a5 13. Na3 Ne8 14. Qd2 Bxb2 15. Qxb2 Nc7 16. Nb5 (16. Qd4 $5 ) 16... Na6 17. Bf3 Bxf3 18. gxf3 Rc5 19. Nc3 Nb4 20. Ne4 Rf5 21. f4 Qc7 22. Rd2 d6 23. Rad1 Qc8 24. Ng3 Rc5 25. Rd4 $11 Qg4 26. f5 Qf3 27. R1d2 g5 28. Re4 h5 29. h4 Nc6 30. hxg5 Re5 31. Rf4 1-0

[Event "Bremer Silvester Open 2019"]
[Site "Bremen"]
[Date "2019.12.29"]
[Round "5.3"]
[White "Wielebinski, Paul Martin"]
[Black "Hoerstmann, Martin"]
[Result "0-1"]
[ECO "B06"]
[WhiteElo "2069"]
[BlackElo "2208"]
[Annotator "NA"]
[PlyCount "122"]
[EventDate "2019.12.27"]
[EventType "swiss"]
[EventCountry "GER"]
[SourceTitle "playchess.com"]
[Source "ChessBase"]
[SourceQuality "1"]
[TimeControl "40/5400+30:1800+30"]

1. e4 g6 2. d4 Bg7 3. Nf3 d6 4. Bc4 Nf6 5. Qe2 O-O 6. h3 Nc6 7. e5 dxe5 8. dxe5 Nd5 9. O-O Be6 10. Rd1 Nf4 11. Qe1 Qc8 12. Bf1 Nd5 13. c3 a6 14. Na3 Rd8 $11 15. Nc2 Nb6 16. Bf4 Rxd1 17. Qxd1 Qe8 18. Ne3 Rd8 19. Qc2 Nd5 20. Qe4 Nxe3 21. Qxe3 Bd5 22. Nd4 Nxd4 23. cxd4 Qd7 24. Qc3 c6 25. a4 f5 26. b4 h6 27. Be3 e6 28. f4 Bf8 29. Rb1 Be7 30. Rb2 Kf7 31. b5 cxb5 32. axb5 Rc8 33. Qa5 axb5 34. Bxb5 Qc7 35. Qxc7 Rxc7 36. Bf1 Ke8 37. Bd2 g5 38. fxg5 hxg5 39. Bb4 Bxb4 40. Rxb4 Rc2 41. g3 Kf7 42. Ra4 Rd2 43. h4 g4 44. Rb4 Kg6 45. Ra4 Kh6 46. Rb4 Kh5 47. Ra4 f4 48. gxf4 Kxh4 49. f5 exf5 50. Ra8 Kg3 51. Rd8 Bf3 52. Rh8 Rxd4 53. e6 Rd1 54. Rf8 Re1 55. Rf6 f4 56. e7 Rxe7 57. Rh6 Re5 58. Bc4 Bc6 59. Bf1 f3 60. Rh2 Rh5 61. Rh3+ Rxh3 0-1

[Event "Bremer Silvester Open 2019"]
[Site "Bremen"]
[Date "2019.12.29"]
[Round "5.4"]
[White "Celik, Abdullah"]
[Black "Wachinger, David"]
[Result "1/2-1/2"]
[ECO "E05"]
[WhiteElo "2048"]
[BlackElo "2105"]
[Annotator "NA"]
[PlyCount "85"]
[EventDate "2019.12.27"]
[EventType "swiss"]
[EventCountry "GER"]
[SourceTitle "playchess.com"]
[Source "ChessBase"]
[SourceQuality "1"]
[TimeControl "40/5400+30:1800+30"]

1. d4 Nf6 2. c4 e6 3. g3 d5 4. Nf3 Be7 5. Bg2 O-O 6. O-O dxc4 7. Qc2 a6 8. a4 Bd7 9. Qxc4 Bc6 10. Qd3 Be4 11. Qd1 c5 12. Nc3 Bxf3 13. Bxf3 cxd4 14. Ne4 Nc6 15. Qb3 Qc7 16. Bd2 Nxe4 17. Bxe4 a5 18. Rac1 $11 Ra6 19. Qb5 Rb6 20. Qxa5 Nxa5 21. Rxc7 Bb4 22. Bf4 f6 23. Rfc1 e5 24. Bd5+ Kh8 25. Rc8 Nc6 26. Rxf8+ Bxf8 27. Bd2 Rxb2 28. Be1 g6 29. Kf1 Kg7 30. a5 Rb5 31. Bxc6 bxc6 32. a6 Rb6 33. Ra1 Rb8 34. Ba5 Bc5 35. Rc1 Rb5 36. Bc7 Kh6 37. Kg2 Bb6 38. Bb8 c5 39. Ra1 c4 40. a7 Bxa7 41. Bxa7 c3 42. Rc1 Kg7 43. Kf1 1/2-1/2

[Event "Bremer Silvester Open 2019"]
[Site "Bremen"]
[Date "2019.12.29"]
[Round "5.5"]
[White "Villwock, Martin"]
[Black "Erofeev, Anastasia"]
[Result "1-0"]
[ECO "C80"]
[WhiteElo "2108"]
[BlackElo "1988"]
[Annotator "NA"]
[PlyCount "69"]
[EventDate "2019.12.27"]
[EventType "swiss"]
[EventCountry "GER"]
[SourceTitle "playchess.com"]
[Source "ChessBase"]
[SourceQuality "1"]
[TimeControl "40/5400+30:1800+30"]

1. e4 e5 2. Nf3 Nc6 3. Bb5 a6 4. Ba4 Nf6 5. O-O Nxe4 6. d4 b5 7. Bb3 d5 8. dxe5 Be6 9. Nbd2 Nc5 10. c3 g6 11. Nd4 {[%emt 0:06:14] C80: Open Ruy Lopez: Sidelines and 9 Nbd2} Ne7 $146 ({Predecessor:} 11... Nxe5 12. Qe2 Bg7 13. f4 Ned3 14. f5 gxf5 15. Nxf5 Rg8 16. Bc2 Qg5 17. Nxg7+ Rxg7 18. Nf3 Nxc1 19. Raxc1 {0-1 (71) Azarov,S (2667)-Sulskis,S (2595) Jurmala 2012}) 12. Bc2 Bg7 13. f4 Qc8 14. f5 gxf5 15. N2f3 Ne4 16. Nh4 c6 17. Qh5 Bxe5 18. Nhxf5 Ng6 (18... Nxf5 $16 {was worth a try.} 19. Nxe6 Qxe6 20. Rxf5 Nf6) 19. Bh6 Rg8 20. Rae1 Qc7 21. Nxe6 fxe6 22. Nd4 Bxd4+ 23. cxd4 O-O-O 24. Bxe4 dxe4 25. Qg4 Kb7 26. Qxe4 Rge8 27. Rc1 Rd5 28. Be3 Re7 $11 29. a4 Rh5 30. g3 e5 31. d5 Qc8 32. Rxc6 Qh3 33. Qc2 Rg7 34. Rb6+ Ka8 35. Qc6+ 1-0

[Event "Bremer Silvester Open 2019"]
[Site "Bremen"]
[Date "2019.12.29"]
[Round "5.6"]
[White "Riewe, Gerhard"]
[Black "Meyer, Thorsten"]
[Result "1-0"]
[ECO "B25"]
[WhiteElo "2101"]
[BlackElo "2295"]
[Annotator "NA"]
[PlyCount "59"]
[EventDate "2019.12.27"]
[EventType "swiss"]
[EventCountry "GER"]
[SourceTitle "playchess.com"]
[Source "ChessBase"]
[SourceQuality "1"]
[TimeControl "40/5400+30:1800+30"]

1. e4 d6 2. Nc3 Nf6 3. g3 g6 4. Bg2 Bg7 5. f4 c5 6. Nf3 Nc6 7. O-O O-O 8. d3 Rb8 9. Qe2 {[%emt 0:12:37] B25: Closed Sicilian: 3 g3, lines without early Be3} (9. h3 b5 10. g4 b4 11. Ne2 a5 12. f5 c4 13. Be3 Ba6 14. Qd2 Ne5 15. Nxe5 dxe5 16. dxc4 Bxc4 17. Qxd8 Rfxd8 18. Rf2 Ne8 19. Ng3 Nd6 {½-½ (78) Amin,B (2663)-Can,E (2578) Dubai 2017}) 9... b5 10. Bd2 b4 11. Nd1 a5 $146 ({Predecessor:} 11... Ba6 12. a3 Qc8 13. Kh1 c4 14. axb4 cxd3 15. cxd3 Nxb4 16. Nf2 {0-1 (64) Bayrak,A (1932)-Zinchenko,Y (2322) Denizli 2003}) 12. c3 Qb6 13. Kh1 e6 14. Ne3 Ba6 15. Rad1 {[%emt 0:05:00] [#]} Nxe4 $1 16. Nc4 Bxc4 $1 17. dxc4 Nxd2 18. Rxd2 bxc3 19. bxc3 Qc7 20. Rfd1 Rfd8 21. Rd3 Ne7 22. Ng5 e5 23. Qf2 exf4 24. Qxf4 Nf5 25. Bd5 Rf8 26. g4 Be5 27. Qf2 Ng7 28. Rf3 $18 Ne8 29. Bxf7+ Kh8 30. Qh4 {[%emt 0:20:45] Kg8} 1-0

[Event "Bremer Silvester Open 2019"]
[Site "Bremen"]
[Date "2019.12.29"]
[Round "6.1"]
[White "Grishchenko, Sergey"]
[Black "Wachinger, Nikolas"]
[Result "1/2-1/2"]
[ECO "E54"]
[WhiteElo "2404"]
[BlackElo "2234"]
[Annotator "NA"]
[PlyCount "120"]
[EventDate "2019.12.27"]
[EventType "swiss"]
[EventCountry "GER"]
[SourceTitle "playchess.com"]
[Source "ChessBase"]
[SourceQuality "1"]
[TimeControl "40/5400+30:1800+30"]

1. d4 Nf6 2. c4 e6 3. Nc3 Bb4 4. e3 O-O 5. Bd3 c5 6. Nf3 d5 7. O-O dxc4 8. Bxc4 cxd4 9. exd4 b6 10. Qe2 Bb7 11. a3 Be7 12. Bg5 Nbd7 13. Rfe1 Rc8 14. Bb3 Re8 15. Ne5 Nxe5 16. dxe5 Nd5 17. Bxe7 Nxc3 18. Bxd8 Nxe2+ 19. Rxe2 Rexd8 20. Rc2 Rxc2 21. Bxc2 g5 22. Rd1 Rc8 23. Bd3 Rc5 24. Re1 Kg7 25. f3 Rd5 26. Re3 Rd4 27. Kf2 h5 28. h3 Bd5 29. Ke1 Bc4 30. Bc2 Rd5 31. g3 h4 32. gxh4 gxh4 33. Re4 Bd3 34. Bxd3 Rxd3 35. Ke2 Rd5 36. Rg4+ Kf8 37. f4 Rb5 38. b4 a5 39. Kd3 Rd5+ 40. Kc3 a4 41. Rxh4 Rd1 42. Kc4 Ra1 43. Kb5 Rxa3 44. Kxb6 Rg3 45. b5 a3 46. f5 exf5 47. Ka7 a2 48. Ra4 Rxh3 49. Rxa2 Rb3 50. b6 Ke7 51. b7 Ke6 52. Ra5 f4 53. b8=Q Rxb8 54. Kxb8 f3 55. Kc7 f2 56. Ra1 Kxe5 57. Rf1 f5 58. Kc6 Ke4 59. Rxf2 f4 60. Re2+ Kd4 1/2-1/2

[Event "Bremer Silvester Open 2019"]
[Site "Bremen"]
[Date "2019.12.29"]
[Round "6.3"]
[White "Brinkmann, Fabian"]
[Black "Celik, Abdullah"]
[Result "0-1"]
[ECO "A53"]
[WhiteElo "2148"]
[BlackElo "2048"]
[Annotator "NA"]
[PlyCount "40"]
[EventDate "2019.12.27"]
[EventType "swiss"]
[EventCountry "GER"]
[SourceTitle "playchess.com"]
[Source "ChessBase"]
[SourceQuality "1"]
[TimeControl "40/5400+30:1800+30"]

1. d4 Nf6 2. c4 d6 3. Nc3 e5 4. e4 c6 5. Nge2 Be7 6. Ng3 O-O 7. Be2 Qb6 8. c5 Qc7 9. cxd6 Bxd6 10. Bg5 Nbd7 11. Nf5 Bb4 12. Qd3 Qa5 13. O-O Re8 14. Qg3 g6 15. Nh6+ Kg7 16. Bc4 Rf8 17. Nf5+ gxf5 18. f4 Kh8 19. fxe5 Bxc3 20. bxc3 Nxe4 0-1

[Event "Bremer Silvester Open 2019"]
[Site "Bremen"]
[Date "2019.12.29"]
[Round "6.4"]
[White "Reuker, Matthias"]
[Black "Villwock, Martin"]
[Result "1-0"]
[ECO "A65"]
[WhiteElo "2016"]
[BlackElo "2108"]
[Annotator "NA"]
[PlyCount "51"]
[EventDate "2019.12.27"]
[EventType "swiss"]
[EventCountry "GER"]
[SourceTitle "playchess.com"]
[Source "ChessBase"]
[SourceQuality "1"]
[TimeControl "40/5400+30:1800+30"]

1. d4 Nf6 2. c4 c5 3. d5 e6 4. Nc3 exd5 5. cxd5 d6 6. e4 g6 7. Nge2 Bg7 8. Ng3 h5 9. Be2 a6 10. a4 Qe7 11. Bg5 h4 12. Nf1 Qe5 13. f4 Qd4 14. Bf3 h3 15. g3 Qb4 16. Ra3 c4 17. Qe2 O-O 18. Nd2 Qxb2 19. Nxc4 Qb4 20. O-O Bg4 21. e5 Bxf3 22. Rxf3 Qc5+ 23. Kh1 Nbd7 24. Bxf6 Bxf6 25. Ne4 Qxd5 26. Nb6 1-0

[Event "Bremer Silvester Open 2019"]
[Site "Bremen"]
[Date "2019.12.29"]
[Round "6.5"]
[White "Wachinger, David"]
[Black "Riewe, Gerhard"]
[Result "1/2-1/2"]
[ECO "D35"]
[WhiteElo "2105"]
[BlackElo "2101"]
[Annotator "NA"]
[PlyCount "87"]
[EventDate "2019.12.27"]
[EventType "swiss"]
[EventCountry "GER"]
[SourceTitle "playchess.com"]
[Source "ChessBase"]
[SourceQuality "1"]
[TimeControl "40/5400+30:1800+30"]

1. d4 d5 2. c4 e6 3. Nc3 Nf6 4. cxd5 exd5 5. Bg5 Be7 6. e3 c6 7. Bd3 Bg4 8. Qc2 Bh5 9. Nge2 Bg6 10. Nf4 Bxd3 11. Nxd3 Nbd7 12. O-O O-O 13. b4 Ne4 14. Bf4 Nxc3 15. Qxc3 Bg5 16. b5 cxb5 17. Qb3 Bxf4 18. Nxf4 Nf6 19. Qxb5 b6 20. Rac1 Qd6 21. Qa6 Qd7 22. Rc2 Rac8 23. Rfc1 Rxc2 24. Rxc2 h6 25. a4 Rd8 26. Rc1 Qe7 27. Qb5 Rd7 28. Qc6 Rd6 29. Qc8+ Rd8 30. Qc2 g6 31. Nd3 Qd6 32. Ne5 Nd7 33. Nf3 Nf6 34. h3 Kg7 35. Qc7 Qxc7 36. Rxc7 Rd7 37. Rc8 Ne4 38. Ne5 Rb7 39. f3 Nf6 40. Kf2 Nd7 41. Nd3 Nf6 42. Ne5 Nd7 43. Rd8 Nf6 44. Rc8 1/2-1/2

[Event "Bremer Silvester Open 2019"]
[Site "Bremen"]
[Date "2019.12.29"]
[Round "6.6"]
[White "Hochhuth, Arnd"]
[Black "Lorenzen, Bjoern"]
[Result "0-1"]
[ECO "B25"]
[WhiteElo "1904"]
[BlackElo "1946"]
[Annotator "NA"]
[PlyCount "156"]
[EventDate "2019.12.27"]
[EventType "swiss"]
[EventCountry "GER"]
[SourceTitle "playchess.com"]
[Source "ChessBase"]
[SourceQuality "1"]
[TimeControl "40/5400+30:1800+30"]

1. Nf3 g6 2. g3 Bg7 3. Bg2 d6 4. O-O e5 5. e4 c5 6. d3 Nc6 7. Nc3 Nge7 8. Nd2 O-O 9. Nc4 Nd4 10. Nd5 Nxd5 11. exd5 b5 12. Nd2 Nf5 13. a4 Bd7 14. axb5 Bxb5 15. Nc4 Bxc4 16. dxc4 Qb6 17. c3 a5 18. Ra3 Rfb8 19. g4 Ne7 20. Be4 Qc7 21. Bc2 f5 22. g5 Nc8 23. b3 Nb6 24. Qe2 e4 25. Bd2 Nd7 26. f4 exf3 27. Rxf3 Re8 28. Re3 Ne5 29. h3 Qe7 30. Qg2 Qf7 31. Ra1 Re7 32. Rf1 Rb7 33. Ree1 Re7 34. Kh1 Qe8 35. Rf4 Qd7 36. Ra1 Qc7 37. Re1 Rae8 38. Qg3 Nf7 39. Rff1 Rxe1 40. Rxe1 Be5 41. Qf2 Qd8 42. Qg1 Kg7 43. Re2 Rh8 44. Rg2 Re8 45. Re2 Re7 46. Re1 Kg8 47. Re2 Bg7 48. Qe1 Rxe2 49. Qxe2 Ne5 50. Kg2 Kf7 51. h4 Qe7 52. b4 Qc7 53. b5 Qe7 54. Bf4 Nd7 55. Qxe7+ Kxe7 56. Bd2 Nb6 57. Bb3 a4 58. Ba2 Kd7 59. Kf3 Kc7 60. Ke2 Be5 61. Be1 Nd7 62. Kd3 Bf4 63. Ke2 Ne5 64. Bf2 Ng4 65. Be1 h6 66. Bd2 Bxd2 67. Kxd2 hxg5 68. hxg5 Ne5 69. Ke3 Nd7 70. Kf4 Kd8 71. Ke3 Ne5 72. Kf4 Nd3+ 73. Ke3 Nc1 74. Bb1 a3 75. b6 a2 76. Bxa2 Nxa2 77. Kd3 Kc8 78. Kc2 Kb7 0-1

[Event "Bremer Silvester Open 2019"]
[Site "Bremen"]
[Date "2019.12.30"]
[Round "7.1"]
[White "Celik, Abdullah"]
[Black "Grishchenko, Sergey"]
[Result "1/2-1/2"]
[ECO "B16"]
[WhiteElo "2048"]
[BlackElo "2404"]
[Annotator "NA"]
[PlyCount "33"]
[EventDate "2019.12.27"]
[EventType "swiss"]
[EventCountry "GER"]
[SourceTitle "playchess.com"]
[Source "ChessBase"]
[SourceQuality "1"]
[TimeControl "40/5400+30:1800+30"]

1. e4 c6 2. d4 d5 3. Nd2 dxe4 4. Nxe4 Nf6 5. Nxf6+ gxf6 6. Nf3 Bf5 7. Bd3 Nd7 8. O-O Bg6 9. Bf4 Bg7 10. Re1 O-O 11. Qe2 Re8 12. Rad1 Qa5 $14 13. Nd2 e5 14. Nc4 Qc7 15. dxe5 fxe5 16. Bg3 b5 17. Ne3 1/2-1/2

[Event "Bremer Silvester Open 2019"]
[Site "Bremen"]
[Date "2019.12.30"]
[Round "7.2"]
[White "Wachinger, Nikolas"]
[Black "Hoerstmann, Martin"]
[Result "1-0"]
[ECO "A42"]
[WhiteElo "2234"]
[BlackElo "2208"]
[Annotator "NA"]
[PlyCount "72"]
[EventDate "2019.12.27"]
[EventType "swiss"]
[EventCountry "GER"]
[SourceTitle "playchess.com"]
[Source "ChessBase"]
[SourceQuality "1"]
[TimeControl "40/5400+30:1800+30"]

1. d4 g6 2. c4 Bg7 3. e4 d6 4. Nc3 e5 5. Nge2 Ne7 6. Be3 O-O 7. Qd2 Nd7 8. O-O-O f5 9. Bg5 exd4 10. Nxd4 $14 Nf6 11. Bd3 fxe4 12. Nxe4 Nf5 13. Nf3 Be6 14. h4 Qd7 15. Nxf6+ Bxf6 16. h5 Bg7 17. hxg6 hxg6 18. g4 Ng3 19. fxg3 Rxf3 20. Be4 Qf7 21. Bf4 Rxf4 22. gxf4 Bxc4 23. b3 Re8 24. Rde1 Rxe4 25. Rxe4 Bd5 26. Re8+ Qxe8 27. Qxd5+ Qf7 28. Qxf7+ Kxf7 29. Kd2 c5 30. Ke3 d5 31. f5 gxf5 32. gxf5 b5 33. Rd1 Bd4+ 34. Rxd4 cxd4+ 35. Kxd4 Kf6 36. Kxd5 Kxf5 {[%emt 0:07:27] Ke4+} 1-0